 Dungeon Crawl Stone Soup version 0.19.3 (webtiles) character file.

534312 winWinterter the Hoplite (level 25, -2/208 HPs)
             Began as a Demonspawn Fighter on Jan 21, 2017.
             Was the Champion of Ru.
             Killed from afar by a battlesphere (17 damage)
             ... created by a tengu reaver
             ... on level 4 of the Vaults on Jan 22, 2017.
             The game lasted 07:37:48 (77997 turns).

winWinterter the Hoplite (Demonspawn Fighter)      Turns: 77997, Time: 07:37:49

Health: -2/208     AC: 33    Str: 19    XL:     25   Next: 6%
Magic:  0/20       EV: 10    Int: 10    God:    Ru [******]
Gold:   3858       SH: 35    Dex: 25    Spells: 5 memorised, 20 levels left

rFire  + . .     SeeInvis .     j - +6 double sword (slice)
rCold  + . .     Gourm    .     W - +10 plate armour of the Equinox {+Fly rElec rN++ Slay-3}
rNeg   + + .     Faith    .     Y - +6 large shield {reflect}
rPois  +         Spirit   +     (helmet unavailable)
rElec  +         Reflect  +     d - +2 cloak {rPois}
rCorr  .         Harm     .     N - +2 pair of gloves {archery}
MR     ++...                    h - +0 pair of boots of Levity {rC+ MR+} (curse)
Stlth  ..........               l - +4 amulet of reflection
                                A - ring of Lichegrorhi {rPois rF+ Dex+5 Slay+3}
                                x - +6 ring of protection

@: marked, corroded, very slightly contaminated, hasted, repel missiles,
drained, very quick
A: horns 3, talons 1, repulsion field 3, demonic guardian 3, dopey 1, low mp 3,
poison resistance, screaming 1, wild magic 2, evolution 1, augmentation 2, magic
shield, magic regeneration, no stealth, inability to train dodging, no
conjurations magic, no earth magic, no hexes magic, reduced AC 1, disrupted
magic 1, missing an eye
a: Draw Out Power, Power Leap, Apocalypse, Renounce Religion, Evoke Flight
}: 2/15 runes: serpentine, barnacled


You were on level 4 of the Vaults.
You worshipped Ru.
Ru was exalted by your worship.
You were very hungry.

You visited 9 branches of the dungeon, and saw 44 of its levels.
You also visited: Wizlab.

You collected 6702 gold pieces.
You spent 2844 gold pieces at shops.

Inventory:

Hand Weapons
 j - a +6 double sword of slicing (weapon)
 s - a +2 falchion of flaming
Missiles
 m - 55 javelins (quivered)
 Q - 3 javelins of returning
 R - 18 javelins of penetration
Armour
 d - a +2 cloak of poison resistance (worn)
 h - the cursed +0 pair of boots of Levity (worn) {rC+ MR+}
   (You found it on level 3 of the Depths)

   It protects you from cold.
   It affects your resistance to hostile enchantments.
   It has a curse placed upon it.
 N - a +2 pair of gloves of archery (worn)
 W - the +10 plate armour of the Equinox (worn) {+Fly rElec rN++ Slay-3}
   (You took it off an orc on level 3 of the Elven Halls)

   It affects your accuracy and damage with ranged weapons and melee attacks
   (-3).
   It insulates you from electricity.
   It greatly protects you from negative energy.
   It lets you fly.
 Y - a +6 large shield of reflection (worn)
Jewellery
 l - a +4 amulet of reflection (around neck)
 v - an uncursed ring of resist corrosion
 x - a +6 ring of protection (left hand)
 y - an uncursed ring of see invisible
 A - the ring of Lichegrorhi (right hand) {rPois rF+ Dex+5 Slay+3}
   (You found it on level 2 of the Depths)

   [ring of protection from fire]

   It affects your dexterity (+5).
   It affects your accuracy and damage with ranged weapons and melee attacks
   (+3).
   It protects you from fire.
   It protects you from poison.
 I - the ring of Maruguj {*Tele rC++ MP-9 Str+3 SInv}
   (You took it off a deep elf blademaster on level 3 of the Elven Halls)

   [ring of teleportation]

   It may teleport you next to monsters.
   It affects your strength (+3).
   It greatly protects you from cold.
   It affects your magic capacity (-9).
   It lets you see invisible.
 K - an uncursed ring of positive energy
 L - the ring of the Mage {Wiz MR++ Int+3}
   (You took it off an orc high priest on level 3 of the Elven Halls)

   [ring of wizardry]

   It improves your spell success rate.
   It affects your intelligence (+3).
   It affects your resistance to hostile enchantments.
 T - an uncursed ring of protection from fire
Wands
 a - a wand of teleportation (5/9)
 o - a wand of disintegration (4/24)
 J - a wand of digging (4/24)
 X - a wand of hasting (3/9)
 Z - a wand of lightning (8/15)
Scrolls
 e - 4 scrolls of teleportation
 i - 12 scrolls of identify
 n - 6 scrolls of magic mapping
 r - 9 scrolls of remove curse
 w - a scroll of blinking
 C - 6 scrolls of recharging
 D - a scroll of fear
 S - a scroll of fog
 U - 3 scrolls of summoning
Potions
 c - a potion of ambrosia
 p - a potion of berserk rage
 q - 3 potions of cancellation
 u - 6 potions of magic
 B - a potion of flight
 F - 6 potions of mutation
 G - a potion of invisibility
 P - 3 potions of curing
 V - 3 potions of cure mutation
Miscellaneous
 k - 3 phantom mirrors
Comestibles
 f - 20 bread rations
 z - a meat ration


   Skills:
 + Level 19.2 Fighting
   Level 5.3(15.0) Short Blades
 + Level 20.9(21.0) Long Blades
 - Level 3.3 Throwing
 + Level 13.3 Armour
 * Level 23.1 Shields
 - Level 4.1 Spellcasting
 - Level 6.6(6.5) Charms
 * Level 11.6 Necromancy
 - Level 0.2(0.1) Evocations


You had 20 spell levels left.
You knew the following spells:

 Your Spells              Type           Power        Failure   Level  Hunger
a - Regeneration          Chrm/Necr      ####......   61%         3    ###....
b - Song of Slaying       Chrm           ###.....     75%         2    ##.....
c - Blink                 Tloc           N/A          100%        2    ##.....
d - Animate Dead          Necr           N/A          65%         4    #####..
e - Summon Butterflies    Summ           #.......     100%        1    #......


Dungeon Overview and Level Annotations

Branches:
Dungeon (15/15)            Temple (1/1) D:4            Lair (6/6) D:8
 Shoals (4/4) Lair:2        Snake (4/4) Lair:3        Slime (0/5) Lair:6
    Orc (2/2) D:10            Elf (3/3) Orc:2        Vaults (5/5) D:14
  Crypt (0/3) Vaults:3     Depths (4/5) D:15

Altars:
Ashenzari
Cheibriados
Dithmenos
Fedhas
Gozag
Hepliaklqana
Kikubaaqudgha
Makhleb
Nemelex Xobeh
Okawaru
Ru
Sif Muna
Trog
Uskayaw
Vehumet
Yredelemnul
Zin
The Shining One
Jiyva

Shops:
Orc:2 [(*:   Snake:2 =:!   Snake:3 %   Vaults:1 ?   Vaults:2 :   Depths:3 *
Depths:4 }

Portals:
Hell: Depths:1 Depths:2 Depths:3 Depths:4
Abyss: Depths:2 Depths:4
Pandemonium: Depths:3
Ziggurat: Depths:1

Annotations:
Depths:2 exclusion: obsidian statue


Innate Abilities, Weirdness & Mutations

You have a pair of large horns on your head.
You are surrounded by a strong repulsion field. (EV +4, RMsl)
A powerful demonic guardian rushes to your aid.
You are dopey. (Int -2)
Your magical capacity is extremely low. (-30% MP)
Your magical and physical power is enhanced at high health.
When hurt, damage is shared between your health and your magic reserves.
You regenerate magic rapidly.
You cannot be stealthy.
You cannot train Dodging skill.
You cannot study or cast Conjurations magic.
You cannot study or cast Earth magic.
You cannot study or cast Hexes magic.
You take slightly more damage. (AC -3)
Your casting is slightly disrupted.
You are missing an eye, making it more difficult to aim.
You have sharp toenails.
Your system is resistant to poisons. (rPois)
You occasionally shout uncontrollably at your foes.
Your spells are harder to cast, but more powerful.
You evolve.


Message History

The tengu reaver is moderately wounded.
You slice the tengu reaver!! The tengu reaver blocks your attack.
The tengu reaver is severely wounded.
You block the stone giant's attack.
You redirect the tengu reaver's attack!
You block the tengu reaver's attack.
The tengu reaver pecks you but does no damage.
You block the tengu reaver's attack.
You closely miss the tengu reaver. You headbutt the tengu reaver!
The tengu reaver is severely wounded.
You slice the tengu reaver!!
The tengu reaver is almost dead.
You block the stone giant's attack. The tengu reaver casts a spell at you.
The bolt of acid hits you!
* * * LOW HITPOINT WARNING * * *
You are splashed with acid!
The acid burns!
* * * LOW HITPOINT WARNING * * *
The battlesphere fires!
The barrage of energy hits you!
You die...

######### #.......##
##......†##
##.....Q@## ######
##....C.)## ...#(##
##.......# ...'..##
##......*.#
...#...###.........#
#)##....#.....#....#
...#.........###...#
...#........## ##..#
...#.......## ##.#


You could see a stone giant, a tengu reaver and a battlesphere.

Vanquished Creatures
  2 ancient liches
  A juggernaut (Depths:4)
  Margery (Vaults:2)
  Bai Suzhen (Depths:2)
  Saint Roka (Vaults:2)
  Xtahua (Vaults:2)
  A caustic shrike (Depths:4)
  A golden dragon (Depths:4)
  Nikola (Depths:1)
  A Hellbinder (WizLab)
  A lich (Depths:3)
  Rupert (D:14)
  Asterion (Elf:2)
  A quicksilver dragon (Vaults:2)
  3 titans
  A quicksilver dragon (shapeshifter) (Depths:2)
  2 deep elf blademasters (Elf:3)
  3 sphinxes
  3 krakens
  A deep elf master archer (Elf:3)
  Kirke (D:13)
  Polyphemus (Shoals:3)
  6 tengu reavers
  A revenant (Vaults:3)
  A shadow dragon (Depths:4)
  Donald (Snake:1)
  3 storm dragons
  10 vault wardens
  11 nagarajas
  4 deep elf sorcerers
  A fire giant (Depths:1)
  Ilsuiw (Shoals:4)
  A frost giant (shapeshifter) (Depths:2)
  6 frost giants
  Aizul (Snake:4)
  A ghoul (Vaults:3)
  An orc warlord (Orc:1)
  7 deep elf elementalists
  A balrug (WizLab)
  17 very ugly things
  2 spriggan defenders (Depths:4)
  6 ironheart preservers
  2 reapers
  An entropy weaver (shapeshifter) (Depths:2)
  6 war gargoyles
  3 entropy weavers
  8 stone giants
  8 deep elf demonologists
  2 spark wasps (Depths:4)
  5 deep elf annihilators
  7 ettins
  7 deep elf death magi (Elf:3)
  4 merfolk javelineers
  6 merfolk impalers
  7 fire dragons
  2 blizzard demons (Depths:2)
  A green death (WizLab)
  Josephine (Orc:1)
  A minotaur (shapeshifter) (Depths:4)
  The ghost of Mefis the Thaumaturge, a journeyman DEWz of Sif Muna (D:13)
  Erolcha (D:12)
  5 ice dragons
  4 deep elf high priests
  12 yaktaur captains
  17 crystal guardians
  4 large abominations
  Harold (Orc:1)
  4 great orbs of eyes
  4 rakshasas
  A catoblepas (Shoals:3)
  11 hydras
  3 hell beasts
  A spriggan air mage (Depths:3)
  22 naga warriors
  25 vault guards
  5 centaur warriors
  An alligator snapping turtle (shapeshifter) (Depths:2)
  An alligator snapping turtle (Shoals:4)
  3 death knights
  13 anacondas
  52 dancing weapons
  8 merfolk aquamancers
  4 death yaks
  5 deep troll shamans
  6 satyrs
  8 merfolk avatars
  A satyr (shapeshifter) (Depths:2)
  2 tengu warriors (Depths:4)
  An alligator (shapeshifter) (D:14)
  A vampire mage (Depths:1)
  4 hell knights (Vaults:2)
  9 shock serpents
  10 ogre magi
  Urug (D:13)
  An orc high priest (Elf:3)
  A fire crab (shapeshifter) (Vaults:3)
  12 naga sharpshooters
  7 deep troll earth magi
  A fire crab (Lair:6)
  23 deep elf knights
  9 small abominations
  4 salamander mystics
  A sun demon (WizLab)
  The ghost of Paps the Blocker, a novice GrFi of Qazlal (D:10)
  8 skeletal warriors
  3 soul eaters
  A shadow wraith (Vaults:4)
  A sixfirhy (Depths:3)
  5 iron trolls (Depths:3)
  A sea snake (shapeshifter) (Vaults:5)
  A flayed ghost (Depths:4)
  6 glowing orange brains
  An unseen horror (Vaults:1)
  10 sea snakes
  2 death drakes (shapeshifter)
  24 deep trolls
  An orange crystal statue (Depths:2)
  16 naga ritualists
  2 hill giants
  2 phantasmal warriors
  A lindwurm (shapeshifter) (Depths:2)
  13 ironbrand convokers
  17 orc knights
  2 obsidian statues (Depths:2)
  14 deep elf archers
  A lindwurm (Lair:3)
  25 harpies
  A tengu zombie (Depths:1)
  3 wizards
  2 harpies (shapeshifter)
  6 orc sorcerers
  Pikel (D:8)
  19 salamanders
  2 orb spiders (shapeshifter)
  A cyclops (shapeshifter) (D:15)
  16 fauns
  3 cyclopes
  2 wolf spiders (Vaults:1)
  A faun (shapeshifter) (Depths:2)
  57 deep elf magi
  3 oklob plants
  18 manticores
  The ghost of Apogee the Thaumaturge, a novice SpEn of Kikubaaqudgha (D:8)
  12 mana vipers
  A manticore (shapeshifter) (Depths:2)
  54 ugly things
  An elephant (Lair:2)
  6 centaur zombies
  45 black mambas
  8 water nymphs
  9 vault sentinels
  An elephant (shapeshifter) (D:13)
  A guardian serpent (shapeshifter) (Depths:2)
  Maurice (D:12)
  21 naga magi
  A black mamba (shapeshifter) (Depths:2)
  A torpor snail (Lair:6)
  6 gargoyles
  13 sirens
  5 molten gargoyles
  8 guardian serpents
  3 rust devils
  2 smoke demons (Depths:3)
  12 spiny frogs
  2 orange demons (WizLab)
  2 rime drakes (Lair:2)
  A spiny frog (shapeshifter) (D:14)
  9 komodo dragons
  4 komodo dragons (shapeshifter)
  A yaktaur (shapeshifter) (Depths:4)
  2 hellions (WizLab)
  2 kobold demonologists
  9 freezing wraiths
  29 yaktaurs
  3 tengu conjurers
  A troll (shapeshifter) (Depths:2)
  20 merfolk
  6 ice devils
  10 trolls
  4 red devils
  A meliai (shapeshifter) (Depths:4)
  7 wind drakes
  2 hornets (shapeshifter)
  A queen bee (Lair:2)
  A two-headed ogre (shapeshifter) (Vaults:1)
  A shadow dragon simulacrum (Vaults:3)
  2 hornets
  A blink frog (shapeshifter) (Depths:2)
  17 blink frogs
  37 slime creatures
  19 two-headed ogres
  A stone giant simulacrum (Vaults:2)
  Grinder (D:5)
  2 hippogriffs (shapeshifter)
  14 dream sheep
  A flying skull (Vaults:3)
  20 hippogriffs
  8 snapping turtles
  17 air elementals
  A shadow (D:15)
  10 wraiths
  A vampire (D:15)
  A redback (shapeshifter) (Depths:2)
  A spriggan (D:7)
  25 water elementals
  11 wyverns
  4 redbacks
  68 yaks
  9 fire elementals
  2 tarantellas (shapeshifter)
  7 basilisks
  A hog (D:13)
  8 vampire mosquitoes (D:13)
  3 steam dragons
  4 hungry ghosts
  2 mottled dragons
  4 chaos spawn (Depths:4)
  10 wargs
  A warg (shapeshifter) (Vaults:1)
  4 insubstantial wisps (Depths:2)
  85 nagas
  A water moccasin (shapeshifter) (Depths:2)
  3 hell hounds (Lair:6)
  12 water moccasins
  2 slaves (D:8)
  A floating eye (Depths:4)
  8 porcupines
  8 ice beasts
  44 orc warriors
  10 sky beasts
  2 black bears
  43 ogres
  A phantom (D:6)
  A boggart (shapeshifter) (Depths:2)
  An eye of draining (shapeshifter) (Vaults:4)
  A wolf (shapeshifter) (D:15)
  5 wolves
  28 centaurs
  6 big kobolds
  8 crocodiles
  2 gnoll sergeants
  A big kobold (shapeshifter) (Depths:2)
  3 wyvern zombies
  16 bullfrogs
  11 earth elementals
  A wyvern skeleton (D:7)
  4 scorpions
  35 killer bees
  A scorpion (shapeshifter) (D:14)
  9 wights
  5 howler monkeys
  3 electric eels
  6 crimson imps
  3 bullfrog zombies
  6 lava snakes (Lair:6)
  5 quasits
  2 iron imps (Depths:3)
  25 orc priests
  6 centaur skeletons
  Crazy Yiuf (D:4)
  4 hounds
  5 jellies
  3 bullfrog skeletons
  Jessica (D:2)
  3 iguanas
  13 worker ants
  33 orc wizards
  2 howler monkey zombies
  11 gnolls
  2 worker ant zombies
  A river rat (Lair:2)
  14 adders
  5 shadow imps
  A white imp (Depths:3)
  2 ufetubi (Depths:3)
  An adder skeleton (D:4)
  4 worms
  A ball lightning (Depths:2)
  A dart slug (D:5)
  4 leopard geckos
  114 orcs
  2 ball pythons
  6 bats
  9 giant cockroaches
  6 goblins (D:1)
  5 hobgoblins
  7 jackals
  A quokka (D:6)
  8 frilled lizards
  28 kobolds
  2 leopard gecko skeletons
  2 leopard gecko zombies
  2 quokka skeletons (D:6)
  3 rats
  A bush (Lair:6)
  A fire vortex (Lair:6)
  2 fungi
  10 plants
  7 tentacles
2175 creatures vanquished.

Vanquished Creatures (collateral kills)
  2 golden dragons
  A titan (Vaults:5)
  A deep elf sorcerer (Elf:3)
  2 fire giants
  2 deep elf elementalists (Elf:3)
  An ironheart preserver (Vaults:1)
  3 war gargoyles
  2 very ugly things (Depths:2)
  3 stone giants
  2 crystal guardians
  A great orb of eyes (Vaults:2)
  3 vault guards (Vaults:5)
  A centaur warrior (D:15)
  3 naga warriors (Snake:4)
  An anaconda (Snake:1)
  A death yak (Shoals:3)
  A deep troll earth mage (Depths:3)
  A naga sharpshooter (Snake:4)
  A deep elf knight (Elf:3)
  A flayed ghost (Vaults:2)
  A deep troll (Depths:3)
  A deep elf archer (Elf:3)
  2 hill giants
  A naga ritualist (Snake:4)
  An orc knight (Orc:1)
  A necromancer (Vaults:2)
  An ironbrand convoker (Vaults:3)
  2 harpies
  A manticore (Shoals:1)
  A faun (Shoals:3)
  2 deep elf magi
  3 black mambas
  A vault sentinel (Vaults:1)
  2 spiny frogs
  5 yaktaurs
  A slime creature (Depths:3)
  A hippogriff (D:7)
  A dream sheep (shapeshifter) (D:15)
  2 air elementals
  A redback (shapeshifter) (D:15)
  A fire elemental (Elf:3)
  A wyvern (Lair:2)
  A basilisk (Lair:2)
  2 yaks
  A hungry ghost (D:8)
  A human simulacrum (Vaults:1)
  4 nagas
  3 orc warriors
  An ice beast (D:5)
  A sky beast (D:11)
  A necrophage (D:10)
  3 centaurs
  2 ogres
  A crocodile (Lair:4)
  A big kobold (D:11)
  A bullfrog (D:13)
  A killer bee (Lair:2)
  A howler monkey (D:5)
  A centaur zombie (D:5)
  A crimson imp (D:5)
  A quasit (D:5)
  2 hounds
  A centaur skeleton (D:12)
  2 orc priests (D:11)
  2 orc wizards
  A gnoll (D:7)
  An adder skeleton (D:5)
  8 orcs
  4 kobolds (D:11)
  A quokka (D:12)
  A jackal skeleton (D:4)
  A quokka skeleton (D:5)
  A fungus (Lair:1)
  A plant (Shoals:4)
120 creatures vanquished.

Vanquished Creatures (others)
  Vashnia (Snake:4)
  A deep elf master archer (Elf:3)
  A deep elf sorcerer (Depths:3)
  A very ugly thing (Depths:2)
  2 stone giants (Vaults:2)
  Nessos (D:13)
  A merfolk javelineer (Shoals:4)
  A great orb of eyes (Depths:1)
  A naga warrior (Snake:3)
  3 vault guards (Vaults:5)
  A spriggan air mage (Depths:2)
  A centaur warrior (Vaults:2)
  A merfolk aquamancer (Shoals:4)
  4 dancing weapons
  2 satyrs
  An ogre mage (Vaults:1)
  A shock serpent (shapeshifter) (Depths:2)
  A deep troll earth mage (Depths:1)
  An orc high priest (Orc:2)
  A shock serpent (Snake:4)
  10 naga sharpshooters
  2 deep elf knights (Elf:2)
  An unseen horror (D:15)
  A glowing orange brain (Depths:2)
  4 ironbrand convokers
  2 deep trolls (Vaults:2)
  7 deep elf archers
  6 deep elf magi
  A wizard (Vaults:1)
  A wolf spider (shapeshifter) (Depths:2)
  A mana viper (Snake:4)
  2 harpies (Shoals:2)
  2 cyclopes (Shoals:4)
  2 manticores
  A faun (Shoals:1)
  An orc sorcerer (Vaults:2)
  A naga mage (Snake:4)
  Joseph (D:9)
  A vault sentinel (Vaults:1)
  2 black mambas
  2 gargoyles
  A komodo dragon (Lair:6)
  13 yaktaurs
  A slime creature (Depths:1)
  A two-headed ogre (Vaults:1)
  A blink frog (Lair:1)
  A hippogriff (Shoals:1)
  2 air elementals
  3 water elementals
  2 yaks
  A wyvern (Lair:3)
  A fire elemental (Elf:2)
  3 humans (D:13)
  7 nagas (Snake:4)
  A porcupine (Lair:1)
  3 orc warriors
  5 ogres
  2 slaves (D:8)
  16 centaurs
  A crocodile (Lair:6)
  An orc wizard (Orc:1)
  A worker ant zombie (D:10)
  10 ball lightnings (Depths:2)
  8 orcs
  2 kobolds
  A fire vortex (Lair:6)
  13 fungi
  26 plants
  23 tentacles
228 creatures vanquished.

Grand Total: 2523 creatures vanquished

Notes
Turn   | Place    | Note
-------+----------+-------------------------------------------
     0 | D:1      | winWinterter the Demonspawn Fighter began the quest for the Orb.
     0 | D:1      | Reached XP level 1. HP: 18/18 MP: 1/1
   254 | D:1      | Gained mutation: You are surrounded by a mild repulsion field. (EV +2) [demonic ancestry]
   254 | D:1      | Reached XP level 2. HP: 18/24 MP: 2/2
   692 | D:1      | Reached skill level 3 in Shields
  1083 | D:2      | Noticed Jessica
  1095 | D:2      | Killed Jessica
  1095 | D:2      | Gained mutation: A weak demonic guardian rushes to your aid. [demonic ancestry]
  1095 | D:2      | Reached XP level 3. HP: 13/29 MP: 3/3
  1520 | D:2      | Reached XP level 4. HP: 30/35 MP: 4/4
  1888 | D:3      | Found a sparkling altar of Nemelex Xobeh.
  2039 | D:3      | Gained mutation: You are surrounded by a moderate repulsion field. (EV +3) [demonic ancestry]
  2039 | D:3      | Reached XP level 5. HP: 42/42 MP: 5/5
  2369 | D:4      | Reached skill level 4 in Shields
  2613 | D:4      | Reached XP level 6. HP: 44/48 MP: 6/6
  2744 | D:4      | Found a staircase to the Ecumenical Temple.
  2870 | Temple   | Entered the Ecumenical Temple
  3118 | Temple   | Became a worshipper of Ru the Awakened
  3202 | D:4      | Found a runed door.
  3206 | D:4      | Noticed Crazy Yiuf
  3220 | D:4      | Killed Crazy Yiuf
  3311 | D:4      | Noticed an ice beast
  3328 | D:4      | Killed an ice beast
  3485 | D:5      | Entered Level 5 of the Dungeon
  3490 | D:5      | Noticed Grinder
  3497 | D:5      | Killed Grinder
  3497 | D:5      | Reached skill level 5 in Shields
  3497 | D:5      | Gained mutation: You are surrounded by a strong repulsion field. (EV +4, RMsl) [demonic ancestry]
  3497 | D:5      | Reached XP level 7. HP: 43/54 MP: 7/7
  3740 | D:5      | Reached skill level 6 in Shields
  4063 | D:5      | Found a snail-covered altar of Cheibriados.
  4331 | D:5      | Reached skill level 5 in Long Blades
  4331 | D:5      | Reached XP level 8. HP: 51/61 MP: 8/8
  4755 | D:5      | Reached skill level 7 in Shields
  5048 | D:6      | Gained mutation: You cannot be stealthy. [Ru sacrifice]
  5279 | D:6      | Reached skill level 1 in Short Blades
  5656 | D:6      | Reached skill level 5 in Fighting
  5863 | D:6      | Found a blossoming altar of Fedhas.
  6083 | D:7      | Noticed a hippogriff
  6094 | D:7      | Killed a hippogriff
  6094 | D:7      | Reached XP level 9. HP: 43/68 MP: 9/9
  6426 | D:7      | Found a blossoming altar of Fedhas.
  6746 | D:7      | Reached skill level 8 in Shields
  7059 | D:7      | Reached skill level 5 in Armour
  7440 | D:7      | Found a radiant altar of Vehumet.
  7891 | D:8      | Gained mutation: You are missing an eye, making it more difficult to aim. [Ru sacrifice]
  7891 | D:8      | Reached * piety under Ru
  8112 | D:8      | Reached skill level 9 in Shields
  8156 | D:8      | Noticed a death knight
  8316 | D:9      | Noticed Pikel
  8424 | D:8      | Killed Pikel
  8424 | D:8      | Gained mutation: You have a pair of small horns on your head. [demonic ancestry]
  8424 | D:8      | Reached XP level 10. HP: 75/76 MP: 10/10
  8941 | D:9      | Found a hide-covered altar of Uskayaw.
  8941 | D:9      | Found a burning altar of Makhleb.
  9086 | D:9      | Reached skill level 10 in Shields
  9317 | D:9      | Noticed Joseph
  9345 | D:9      | Killed Joseph
  9442 | D:9      | Found a bloodstained altar of Trog.
  9615 | D:10     | Entered Level 10 of the Dungeon
  9955 | D:10     | Noticed Paps's ghost (novice GrFi)
 10149 | D:10     | Killed Paps's ghost
 11529 | D:10     | Reached XP level 11. HP: 78/83 MP: 11/11
 11563 | D:10     | Reached skill level 11 in Shields
 11970 | D:8      | Gained mutation: Your magical capacity is low. (-10% MP) [Ru sacrifice]
 11970 | D:8      | Reached ** piety under Ru
 12186 | D:8      | Found a staircase to the Lair.
 12313 | Lair:1   | Entered Level 1 of the Lair of Beasts
 12378 | D:8      | Noticed Apogee's ghost (novice SpEn)
 12989 | Lair:1   | Found a frozen archway.
 13494 | Lair:1   | Reached skill level 12 in Shields
 13845 | Lair:1   | Noticed a seven-headed hydra
 13985 | Lair:2   | Gained mutation: You are clumsy. (Dex -2) [potion of mutation]
 13985 | Lair:2   | Gained mutation: You passively map a small area around you. [potion of mutation]
 13985 | Lair:2   | Gained mutation: You have sharp toenails. [potion of mutation]
 14310 | Lair:2   | Noticed an oklob plant
 15182 | Lair:2   | Gained mutation: You cannot study or cast Earth magic. [Ru sacrifice]
 15182 | Lair:2   | Gained mutation: You cannot study or cast Hexes magic. [Ru sacrifice]
 15182 | Lair:2   | Gained mutation: You cannot study or cast Conjurations magic. [Ru sacrifice]
 15182 | Lair:2   | Reached *** piety under Ru
 15461 | Lair:2   | Reached XP level 12. HP: 90/94 MP: 10/10
 15758 | Lair:2   | Found a staircase to the Shoals.
 16723 | Lair:3   | Noticed a six-headed hydra
 17258 | D:10     | Found a shadowy altar of Dithmenos.
 17329 | D:10     | Found a staircase to the Orcish Mines.
 17575 | D:10     | Reached skill level 13 in Shields
 17940 | D:11     | Found an iron altar of Okawaru.
 18487 | D:11     | Gained mutation: You cannot train Dodging skill. [Ru sacrifice]
 18487 | D:11     | Reached **** piety under Ru
 19260 | D:12     | Noticed Erolcha
 19478 | D:12     | Noticed Maurice
 19505 | D:12     | Killed Maurice
 19505 | D:12     | Reached skill level 5 in Short Blades
 19605 | D:12     | Killed Erolcha
 19970 | D:13     | Noticed Nessos
 20198 | D:13     | Killed Nessos
 20198 | D:13     | Reached XP level 13. HP: 102/102 MP: 11/11
 20226 | D:13     | Noticed Mefis's ghost (journeyman DEWz)
 20314 | Orc:1    | Entered Level 1 of the Orcish Mines
 21125 | Orc:1    | Noticed Josephine
 21286 | Orc:1    | Killed Josephine
 21478 | Orc:1    | Noticed Harold
 21521 | Orc:1    | Killed Harold
 21615 | Orc:2    | Entered Level 2 of the Orcish Mines
 21634 | Orc:2    | Gained mutation: You take slightly more damage. (AC -3) [Ru sacrifice]
 21634 | Orc:2    | Reached ***** piety under Ru
 21817 | Orc:1    | Reached skill level 10 in Fighting
 21817 | Orc:1    | Reached skill level 14 in Shields
 22034 | Orc:2    | Found Suadghykly's Antique Armour Shop.
 22140 | Orc:2    | Found a staircase to the Elven Halls.
 23134 | Orc:2    | Found Vedghug's Antique Weapon Boutique.
 23143 | Orc:2    | Bought an ichor-stained scimitar for 288 gold pieces
 23143 | Orc:2    | Identified the +6 scimitar "Acarineslayer" {slice, Dex+5} (You bought it in a shop on level 2 of the Orcish Mines)
 23622 | Orc:2    | Found Okhitrepn's Book Boutique.
 23819 | Orc:2    | Noticed an orc warlord
 23850 | Orc:1    | Reached skill level 10 in Long Blades
 24239 | Orc:2    | Found Meschav's General Store.
 25561 | Lair:3   | Found a staircase to the Snake Pit.
 26537 | Lair:4   | Gained mutation: You have a pair of horns on your head. [demonic ancestry]
 26537 | Lair:4   | Reached XP level 14. HP: 111/111 MP: 12/12
 27890 | Lair:6   | Entered Level 6 of the Lair of Beasts
 27965 | Lair:6   | Found a viscous altar of Jiyva.
 27965 | Lair:6   | Found a staircase to the Slime Pits.
 29326 | D:8      | Killed Apogee's ghost
 30074 | D:13     | Reached skill level 15 in Shields
 30085 | D:13     | Noticed Kirke
 30452 | D:14     | Found a gate to the Vaults.
 30474 | D:14     | Noticed an entropy weaver
 30474 | D:14     | a satyr changed into an entropy weaver
 30476 | D:14     | an entropy weaver changed into a fire dragon
 30905 | D:14     | Reached XP level 15. HP: 119/119 MP: 13/13
 30999 | D:14     | Gained mutation: You are dopey. (Int -2) [Ru sacrifice]
 31011 | D:14     | Noticed Rupert
 31037 | D:14     | Killed Rupert
 31520 | D:15     | Entered Level 15 of the Dungeon
 31861 | D:15     | Paralysed by a floating eye for 3 turns
 31873 | D:15     | Paralysed by a floating eye for 3 turns
 32308 | D:13     | Killed Kirke
 32364 | D:13     | Killed Mefis's ghost
 32450 | D:13     | Noticed Urug
 32466 | D:13     | Killed Urug
 33154 | D:15     | Gained mutation: Your magical capacity is very low. (-20% MP) [Ru sacrifice]
 33490 | D:15     | Found a staircase to the Depths.
 34282 | Lair:2   | Reached skill level 16 in Shields
 35052 | Lair:6   | Found a large runed door.
 35053 | Lair:6   | Found a large runed door.
 35082 | Lair:6   | Gained mutation: When hurt, damage is shared between your health and your magic reserves. [demonic ancestry]
 35082 | Lair:6   | Reached XP level 16. HP: 127/127 MP: 12/12
 35083 | Lair:6   | Gained mutation: Your system is resistant to poisons. (rPois) [potion of beneficial mutation]
 35544 | Orc:2    | Bought a scroll of blinking for 90 gold pieces
 35544 | Orc:2    | Bought a potion of curing for 36 gold pieces
 35751 | Snake:1  | Entered Level 1 of the Snake Pit
 36369 | Snake:1  | Noticed Donald
 36376 | Snake:1  | Lost mutation: You passively map a small area around you. [potion of cure mutation]
 36376 | Snake:1  | Lost mutation: You are clumsy. (Dex -2) [potion of cure mutation]
 36404 | Snake:1  | Killed Donald
 36404 | Snake:1  | Gained mutation: You have a pair of large horns on your head. [demonic ancestry]
 36404 | Snake:1  | Reached XP level 17. HP: 104/135 MP: 10/13
 36798 | Snake:2  | Reached skill level 15 in Long Blades
 37172 | Snake:2  | Found Ninihulatri's Distillery.
 37193 | Snake:2  | Bought a potion of heal wounds for 60 gold pieces
 37193 | Snake:2  | Bought a potion of heal wounds for 60 gold pieces
 37193 | Snake:2  | Bought a potion of heal wounds for 60 gold pieces
 37614 | Snake:2  | Found Jiucefyu's Book Shop.
 37651 | Snake:2  | Found Odeuc's Jewellery Shop.
 38087 | Snake:2  | Found a snail-covered altar of Cheibriados.
 38910 | Snake:3  | Found Loacud's Food Emporium.
 40190 | Snake:3  | Reached skill level 17 in Shields
 40473 | Snake:3  | Got a slimy war axe
 40474 | Snake:3  | Identified the +6 war axe of the Bruised Planets {speed, +Blink MR++ Dex-2 Stlth-} (You found it on level 3 of the Snake Pit)
 40485 | Snake:4  | Entered Level 4 of the Snake Pit
 40952 | Snake:4  | Noticed Aizul
 40979 | Snake:4  | Killed Aizul
 41684 | Snake:4  | Noticed Vashnia
 41705 | Snake:4  | Reached skill level 10 in Armour
 41755 | Snake:4  | Killed Vashnia
 41816 | Snake:4  | Reached XP level 18. HP: 109/145 MP: 12/14
 45186 | Snake:4  | Reached skill level 18 in Shields
 45537 | Snake:4  | Gained mutation: Your casting is slightly disrupted. [Ru sacrifice]
 46295 | Snake:4  | Got a serpentine rune of Zot
 46643 | Snake:4  | Reached skill level 15 in Fighting
 47335 | Depths:1 | Entered Level 1 of the Depths
 47545 | Depths:1 | Reached XP level 19. HP: 147/155 MP: 15/15
 47581 | Depths:1 | Found a gateway to Hell.
 47616 | Depths:1 | Noticed Nikola
 47632 | Depths:1 | Killed Nikola
 47856 | Depths:1 | Found a gateway to a ziggurat.
 48584 | Depths:1 | Gained mutation: Your magical capacity is extremely low. (-30% MP) [Ru sacrifice]
 48584 | Depths:1 | Reached ****** piety under Ru
 48671 | Depths:1 | Paralysed by an ogre mage for 3 turns
 48730 | Depths:2 | Noticed Bai Suzhen
 49084 | Shoals:1 | Entered Level 1 of the Shoals
 51342 | Shoals:3 | Noticed Polyphemus
 51366 | Shoals:3 | Killed Polyphemus
 51725 | Shoals:3 | Reached skill level 19 in Shields
 52295 | Shoals:4 | Entered Level 4 of the Shoals
 52462 | Shoals:4 | Reached XP level 20. HP: 141/166 MP: 12/14
 52464 | Shoals:4 | Noticed Ilsuiw
 52505 | Shoals:4 | Killed Ilsuiw
 53460 | Shoals:4 | Reached skill level 1 in Throwing
 54241 | Shoals:4 | Got a barnacled rune of Zot
 54557 | Elf:1    | Entered Level 1 of the Elven Halls
 55927 | Elf:1    | Identified the Catalogue of Unstable Sinister Arts
 55958 | Elf:2    | Noticed Asterion
 57096 | Elf:2    | Found a runed gate.
 57097 | Elf:2    | Found a runed gate.
 57097 | Elf:2    | Found a runed gate.
 57537 | Elf:2    | Killed Asterion
 57537 | Elf:2    | Reached skill level 20 in Shields
 57880 | Elf:2    | Gained mutation: A demonic guardian rushes to your aid. [demonic ancestry]
 57880 | Elf:2    | Reached XP level 21. HP: 162/174 MP: 14/14
 58168 | Elf:3    | Entered Level 3 of the Elven Halls
 58169 | Elf:3    | Upgraded the game from 0.19.1-28-ge1247f7 to 0.19.3
 59435 | Vaults:1 | Entered Level 1 of the Vaults
 59659 | Vaults:1 | Got pitted quicksilver dragon scales
 59748 | D:14     | Identified the quicksilver dragon scales of the Heavens {rC+ rN+ MR+ SInv} (You found it on level 1 of the Vaults)
 59879 | Orc:2    | Bought a book of Battle for 480 gold pieces
 59883 | Orc:2    | Learned a level 3 spell: Regeneration
 59886 | Orc:2    | Learned a level 2 spell: Song of Slaying
 60306 | Vaults:1 | Learned a level 2 spell: Blink
 60432 | Vaults:1 | Reached skill level 1 in Charms
 60576 | Vaults:1 | Reached skill level 1 in Necromancy
 60616 | Vaults:1 | Reached skill level 1 in Spellcasting
 61300 | Vaults:1 | Found Ziavi Lyku's Magic Scroll Boutique.
 61309 | Vaults:1 | Bought a scroll of fear for 38 gold pieces
 62117 | Vaults:2 | Noticed Margery
 62158 | Vaults:2 | Killed Margery
 62179 | Vaults:2 | Noticed Saint Roka
 62484 | Vaults:2 | Noticed Xtahua
 62508 | Vaults:2 | HP: 8/174 [Xtahua/searing blast (40)]
 62934 | Vaults:2 | Killed Xtahua
 62934 | Vaults:2 | Reached skill level 5 in Necromancy
 63047 | Vaults:2 | Killed Saint Roka
 63368 | Vaults:2 | Found Niev's Book Shoppe.
 63540 | Vaults:2 | Gained mutation: Your magical and physical power is slightly enhanced at high health. [demonic ancestry]
 63540 | Vaults:2 | Reached XP level 22. HP: 182/182 MP: 19/19
 64065 | Vaults:2 | Got a slimy scale mail
 64066 | Vaults:2 | Identified the +3 scale mail "Zylir" {rC+ Int+4} (You found it on level 2 of the Vaults)
 64233 | Vaults:1 | Bought a scroll of enchant weapon for 82 gold pieces
 65900 | Vaults:3 | Reached skill level 5 in Charms
 65975 | Vaults:3 | Found a staircase to the Crypt.
 66674 | Vaults:4 | Got a shimmering scale mail
 66675 | Vaults:4 | Identified the cursed +1 scale mail of Mish {-Cast rPois rCorr} (You found it on level 4 of the Vaults)
 66778 | Vaults:4 | Learned a level 4 spell: Animate Dead
 68831 | Elf:3    | Got a warped lapis lazuli ring
 68854 | Elf:3    | Identified Ifrut's Collected Works on Transformation and the Oath
 68935 | Elf:3    | Got a scorched steel amulet
 69063 | Elf:3    | Gained mutation: A powerful demonic guardian rushes to your aid. [demonic ancestry]
 69063 | Elf:3    | Reached XP level 23. HP: 156/190 MP: 17/20
 69184 | Elf:3    | Identified the ring of Maruguj {*Tele rC++ MP-9 Str+3 SInv} (You took it off a deep elf blademaster on level 3 of the Elven Halls)
 69185 | Elf:3    | Identified the amulet "Beokodgh" {Spirit +Fly rF- MR+++ Int+7} (You took it off a deep elf knight on level 3 of the Elven Halls)
 69364 | Elf:3    | Got an iridescent great sword {antimagic}
 69364 | Elf:3    | Got a pitted plate armour
 69383 | Elf:3    | Identified the +10 plate armour of the Equinox {+Fly rElec rN++ Slay-3} (You took it off an orc on level 3 of the Elven Halls)
 69553 | Elf:3    | Identified the Collected Works on Displacement
 70108 | Depths:2 | Killed Bai Suzhen
 70737 | Depths:2 | Reached skill level 21 in Shields
 72267 | Depths:2 | Found a one-way gate to the infinite horrors of the Abyss.
 72317 | Depths:2 | Got a scorched tin ring
 72346 | Depths:2 | Got a translucent rapier
 72347 | Depths:2 | Identified the ring of Lichegrorhi {rPois rF+ Dex+5 Slay+3} (You found it on level 2 of the Depths)
 72350 | Depths:2 | Identified the cursed +2 rapier of the Median {pierce, Int+6} (You found it on level 2 of the Depths)
 72382 | Depths:2 | Identified the Catalogue of Companions
 72427 | Depths:2 | Noticed a caustic shrike
 72428 | Depths:2 | a caustic shrike changed into a golden dragon
 73111 | Depths:2 | Gained mutation: You evolve. [potion of mutation]
 73111 | Depths:2 | Gained mutation: Your spells are a little harder to cast, but a little more powerful. [potion of mutation]
 73111 | Depths:2 | Gained mutation: You occasionally shout uncontrollably at your foes. [potion of mutation]
 73601 | Depths:3 | Found Civennops's Assorted Antiques.
 73818 | Depths:3 | Found a magical portal.
 73829 | WizLab   | Entered The Hall of the Hellbinder
 74366 | WizLab   | Gained mutation: Your spells are harder to cast, but more powerful. [evolution]
 74478 | WizLab   | Found a burning altar of Makhleb.
 74494 | WizLab   | Identified the Compendium of the Entourage
 74536 | WizLab   | Identified Ukhlengia's Almanac of the Escort
 75006 | Depths:3 | Learned a level 1 spell: Summon Butterflies
 75108 | Depths:3 | Found a one-way gate leading to the halls of Pandemonium.
 75225 | Depths:3 | Reached skill level 10 in Necromancy
 75225 | Depths:3 | Gained mutation: Your magical and physical power is enhanced at high health. [demonic ancestry]
 75225 | Depths:3 | Reached XP level 24. HP: 144/199 MP: 18/20
 75926 | Depths:3 | Noticed an ancient lich
 75938 | Depths:3 | Killed an ancient lich
 75938 | Depths:3 | Reached skill level 22 in Shields
 75944 | Depths:3 | Got a pair of translucent boots
 75971 | Depths:3 | Identified the cursed +0 pair of boots of Levity {rC+ MR+} (You found it on level 3 of the Depths)
 76089 | Depths:4 | Noticed an ancient lich
 76098 | Depths:4 | Killed an ancient lich
 76265 | Depths:4 | Noticed a juggernaut
 76298 | Depths:4 | Killed a juggernaut
 76945 | Depths:4 | Found Fitwit's Gadget Emporium.
 76950 | Depths:4 | Bought a wand of hasting (4/9) for 1056 gold pieces
 76950 | Depths:4 | Bought a wand of teleportation (5/9) for 594 gold pieces
 77876 | Vaults:5 | Entered Level 5 of the Vaults
 77935 | Vaults:5 | Reached skill level 23 in Shields
 77943 | Vaults:5 | Gained mutation: You regenerate magic rapidly. [demonic ancestry]
 77943 | Vaults:5 | Reached XP level 25. HP: 113/207 MP: 6/20
 77997 | Vaults:4 | Killed from afar by a battlesphere

Skill      XL: |  1  2  3  4  5  6  7  8  9 10 11 12 13 14 15 16 17 18 19 20 21 22 23 24 |
---------------+-------------------------------------------------------------------------+-----
Long Blades    | 2 3 4 5 6 7 8 9 11 13 14 15 16 17 18 19 20 | 20.9
Shields        | 3 4 5 6 7 9 10 12 13 14 15 16 17 18 19 20 21 23 | 23.1
Armour         | 3 4 5 6 7 8 9 10 11 12 13 | 13.3
Fighting       | 4 5 6 7 8 9 10 11 12 13 15 16 17 18 19 | 19.2
Short Blades   | 1 3 5 |  5.3
Throwing       | 3 |  3.3
Charms         | 3 6 |  6.6
Necromancy     | 5 8 10 11 | 11.6
Spellcasting   | 3 4 |  4.1
Evocations     | |  0.2

Action                   |  1- 3 |  4- 6 |  7- 9 | 10-12 | 13-15 | 16-18 | 19-21 | 22-24 | 25-27 || total
-------------------------+-------+-------+-------+-------+-------+-------+-------+-------+-------++-------
Melee: Long sword        |   102 |   200 |   310 |   276 |    27 |       |       |       |       ||   915
       Dagger            |       |     7 |   269 |  1703 |   472 |       |       |       |       ||  2451
       Headbutt          |       |       |       |   428 |   574 |   536 |   785 |   657 |    13 ||  2993
       Falchion          |       |       |       |   103 |   293 |       |       |       |       ||   396
       Scimitar          |       |       |       |       |  1658 |  1789 |  2501 |    81 |       ||  6029
       Unarmed           |       |       |       |       |     1 |       |       |       |       ||     1
       Double sword      |       |       |       |       |       |       |       |  2046 |    37 ||  2083
Throw: Javelin           |       |       |       |       |       |     3 |    81 |    62 |     2 ||   148
Invok: Sacrifice Stealth |       |       |     1 |       |       |       |       |       |       ||     1
       Sacrifice an Eye  |       |       |     1 |       |       |       |       |       |       ||     1
       Sacrifice Essence |       |       |       |     1 |     1 |     1 |     1 |       |       ||     4
       Sacrifice Arcana  |       |       |       |     1 |       |       |       |       |       ||     1
       Sacrifice Nimblen |       |       |       |     1 |       |       |       |       |       ||     1
       Reject Sacrifices |       |       |       |       |     1 |     1 |       |       |       ||     2
       Sacrifice Health  |       |       |       |       |     1 |       |       |       |       ||     1
       Apocalypse        |       |       |       |       |     2 |       |     2 |     1 |       ||     5
       Power Leap        |       |       |       |       |     1 |     1 |       |     1 |       ||     3
       Sacrifice Purity  |       |       |       |       |     1 |       |       |       |       ||     1
       Draw Out Power    |       |       |       |       |       |     1 |     3 |       |     1 ||     5
Evoke: Wand              |       |       |       |     4 |     2 |     1 |     1 |    10 |     1 ||    19
  Use: Potion            |     2 |     7 |     1 |     9 |     7 |     7 |    16 |    11 |     1 ||    61
       Scroll            |       |     8 |     1 |    18 |    12 |    10 |    19 |    20 |     1 ||    89
 Stab: Invisible         |       |     1 |       |     1 |    14 |    29 |    16 |    19 |     2 ||    82
       Distracted        |       |       |     2 |    13 |    20 |    24 |    33 |    21 |       ||   113
       Paralysed         |       |       |       |       |     7 |     6 |     5 |    16 |       ||    34
       Petrifying        |       |       |       |       |     1 |       |       |       |       ||     1
       Petrified         |       |       |       |       |       |       |     3 |       |       ||     3
       Confused          |       |       |       |       |       |       |     1 |       |       ||     1
  Eat: Chunk             |     2 |     5 |    14 |     8 |    20 |     1 |    15 |    16 |       ||    81
       Pizza             |       |     1 |       |       |     2 |     1 |     1 |       |       ||     5
       Meat ration       |       |       |     1 |     6 |       |     4 |     6 |     3 |       ||    20
       Bread ration      |       |       |       |     3 |     2 |     4 |     1 |     1 |       ||    11
       Beef jerky        |       |       |       |     1 |     1 |       |     3 |     4 |       ||     9
       Royal jelly       |       |       |       |     5 |     3 |     1 |     1 |       |       ||    10
       Fruit             |       |       |       |       |    12 |     1 |       |     4 |       ||    17
Armor: Scale mail        |    30 |    40 |   100 |   200 |       |       |       |       |       ||   370
       Plate armour      |       |       |       |   168 |   420 |   277 |   428 |   267 |    20 ||  1580
       Quicksilver drago |       |       |       |       |       |       |    59 |    67 |       ||   126
Dodge: Dodged            |    26 |    69 |   200 |   514 |   420 |   352 |   279 |   200 |     8 ||  2068
       Deflected         |       |       |     1 |    14 |    16 |    87 |    44 |    21 |     3 ||   186
Block: Shield            |    72 |   117 |   373 |  1275 |   917 |  1117 |       |       |       ||  3871
       Reflection        |       |       |     7 |    48 |   101 |   208 |   252 |   118 |     8 ||   742
       Large shield      |       |       |       |       |   597 |   196 |  2327 |  1793 |    59 ||  4972
       Rpst.: Long sword |     9 |    16 |    30 |    20 |     5 |       |       |       |       ||    80
       Falchion          |       |       |       |     5 |    21 |       |       |       |       ||    26
       Scimitar          |       |       |       |       |    46 |    72 |    50 |     1 |       ||   169
       Double sword      |       |       |       |       |       |       |       |    35 |     3 ||    38
